 Dungeon Crawl Stone Soup version 0.30.1 (webtiles) character file.

Game seed: 17990528025691213410

4033 AgateBread the Transmogrifier (level 10, -1/98 (104) HPs)
             Began as an Ogre Transmuter on July 9, 2023.
             Was a Believer of Wu Jian.
             Slain by Maggie
             ... wielding a +2 broad axe of draining
              (10 damage)
             ... on level 8 of the Dungeon.
             The game lasted 00:38:29 (11635 turns).

AgateBread the Transmogrifier (Ogre Transmuter)    Turns: 11635, Time: 00:38:30

HP:   -1/98 (104)   AC:  7    Str: 16    XL:     10   Next: 24%
MP:   13/15         EV: 15    Int: 22    God:    Wu Jian [**....]
Gold: 462           SH:  0    Dex: 11    Spells: 12/15 levels left

rFire   + .          .
                       - Unarmed
rCold   + . .        (no shield)
rNeg    . . .        I - +0 steam dragon scales
rPois   +            (helmet currently unavailable)
rElec   +            t - +0 cloak
rCorr   +            (gloves unavailable)
SInv    .            (boots unavailable)
Will    +....        (no amulet)
Stlth   +            o - +5 ring of evasion
HPRegen 0.36/turn    H - +6 ring of intelligence
MPRegen 0.14/turn

%: no passive effects
@: appendages, resistant, wereblooded, mesmerised, drained
A: horns 2, talons 2, large, unfitting armour, tough skin 1
a: End Transformation, Renounce Religion, Wall Jump


You were on level 8 of the Dungeon.
You worshipped Wu Jian.
Wu Jian was pleased with you.
You had temporarily grown beastly horns and talons.
You visited 2 branches of the dungeon, and saw 9 of its levels.

You collected 462 gold pieces.

Inventory:

Hand Weapons
 i - a +1 heavy hand axe
 n - a +3 flail of protection
 x - a +0 dagger of protection
 F - a +1 dagger of venom
Missiles
 c - 5 curare-tipped darts
 p - 25 poisoned darts
Armour
 a - a +0 robe
 g - a +0 tower shield
 t - a +0 cloak (worn)
 B - a +0 kite shield
 I - +0 steam dragon scales (worn)
Jewellery
 f - an amulet of faith
 o - a +5 ring of evasion (left hand)
 r - a ring of positive energy
 H - a +6 ring of intelligence (right hand)
Wands
 v - a wand of roots (5)
 w - a wand of flame (22)
 D - a wand of mindburst (14)
Scrolls
 e - a scroll of enchant armour {unknown}
 h - 3 scrolls of fog
 j - a scroll of immolation
 l - 3 scrolls of amnesia
 q - a scroll of magic mapping
 u - 4 scrolls of poison
 y - a scroll of noise {unknown}
 C - a scroll of summoning {unknown}
 E - 2 scrolls of teleportation
 G - a scroll of torment {unknown}
 J - a scroll of identify
Potions
 b - 2 potions of lignification
 d - a potion of curing
 k - a potion of magic
 m - a potion of resistance
 s - a potion of brilliance {unknown}
 z - 2 potions of might {unknown}
 A - a potion of degeneration {unknown}


   Skills:
 - Level 8.0 Fighting
 - Level 1.7 Dodging
 - Level 8.0 Unarmed Combat
 + Level 3.4 Spellcasting
 + Level 9.5 Transmutations


You had 12 spell levels left.
You knew the following spells:

 Your Spells              Type           Power      Damage    Failure   Level
a - Beastly Appendage     Tmut           90%        N/A       1%          1
b - Wereblood             Tmut           45%        N/A       1%          2

Your spell library contained the following spells:

 Spells                   Type           Power      Damage    Failure   Level
 Spider Form              Tmut/Pois      24%        N/A       4%          3
 Ice Form                 Ice/Tmut       24%        N/A       17%         4
 Static Discharge         Conj/Air       6%         2-3/arc   19%         2
 Sublimation of Blood     Necr           3%         N/A       19%         2
 Gell's Gravitas          Tloc           3%         N/A       34%         3
 Teleport Other           Tloc           3%         N/A       34%         3
 Airstrike                Air            1%         2d(1-17)  75%         4
 Summon Lightning Spire   Summ/Air       3%         N/A       75%         4
 Dispersal                Tloc           1%         N/A       100%        6
 Summon Hydra             Summ           1%         N/A       100%        7


Dungeon Overview and Level Annotations

Branches:
Dungeon (8/15)             Temple (1/1) D:4
   Lair: D:8-11

Altars:
Ashenzari
Cheibriados
Dithmenos
Elyvilon
Fedhas
Gozag
Hepliaklqana
Kikubaaqudgha
Makhleb
Nemelex Xobeh
Okawaru
Qazlal
Ru
Sif Muna
Trog
Uskayaw
Vehumet
Wu Jian
Xom
Yredelemnul
Zin
The Shining One

Shops:
D:1 :   D:5 !   D:8 *

Annotations:
D:3 2 transporters, Arctor's ghost, weakling OpTm
D:8 Maggie


Innate Abilities, Weirdness & Mutations

You have temporarily grown beastly horns and talons.
You are too large for most types of armour.
You have tough skin. (AC +1)


Message History

Maggie draws you further into her thrall.
You hit Maggie. You headbutt Maggie!
Maggie is moderately wounded.
Maggie closely misses you.
You hit Maggie but do no damage. You claw Maggie, but do no damage.
Maggie is moderately wounded.
Maggie closely misses you.
You hit Maggie but do no damage. You claw Maggie, but do no damage.
You headbutt Maggie!
Maggie is moderately wounded.
Maggie barely misses you.
You hit Maggie but do no damage. You claw Maggie, but do no damage.
You headbutt Maggie, but do no damage.
Maggie is moderately wounded.
Maggie hits you with a +2 broad axe of draining!
You feel drained.
You punch Maggie!
Maggie is heavily wounded.
Maggie casts a spell at you. The bolt of fire hits you!
You barely miss Maggie. Your kick misses Maggie. You headbutt Maggie.
Maggie is severely wounded.
Maggie points at you and mumbles some strange words.
The bolt of fire misses you.
You hit Maggie. You claw Maggie. Your headbutt misses Maggie.
Maggie is severely wounded.
You barely miss Maggie. Your kick misses Maggie.
Maggie is severely wounded.
Maggie points at you and mumbles some strange words.
The bolt of fire hits you!
* * * LOW HITPOINT WARNING * * *
You feel protected.
Maggie hits you with a +2 broad axe of draining!
* * * LOW HITPOINT WARNING * * *
You feel drained.
* * * LOW HITPOINT WARNING * * *
You closely miss Maggie. Your kick misses Maggie. You headbutt Maggie.
Maggie is severely wounded.
Maggie hits you with a +2 broad axe of draining!
You die...

#............... .#
...#...........# .#
..####......#####.######
.## #.####............#
## ..# ##..........# #
..# #..........# . ...
#...)......# .. ..>
#..........# ......
#...@......# ..
..>.######....@.....# ..
....#...#............ ..
....'...'....<..._...
....#...#####....8.(.
#####...#####...._...
#....≈..#...###.....#
#.....≈.'...# .#.###
#......≈#...# .


You could see Maggie (mesmerising).

Vanquished Creatures
  3 yaks (D:8)
  2 humans
  3 steam dragons (D:8)
  2 water moccasins (D:5)
  2 hornet zombies (D:7)
  3 ice beasts
  2 black bears
  A sky beast (D:8)
  An ogre (D:5)
  3 centaurs
  3 phantoms
  4 kobold brigands
  A bullfrog (D:7)
  2 scorpions
  2 water moccasin zombies (D:7)
  5 hounds
  A centaur zombie (D:7)
  2 orc priests (D:3)
  2 gnoll boudas (D:8)
  2 jellies
  4 sleepcaps
  Jessica (D:2)
  2 iguanas
  An orc wizard (D:3)
  A killer bee zombie (D:7)
  A mummy (D:3)
  2 howler monkey zombies (D:7)
  9 gnolls (D:8)
  7 adders
  A shadow imp (D:7)
  A white imp (D:6)
  An ufetubus (D:5)
  5 worms
  A dart slug (D:3)
  11 orcs
  4 bats
  4 endoplasms
  9 goblins
  9 hobgoblins
  2 jackals (D:4)
  A quokka (D:2)
  4 ball pythons
  5 frilled lizards
  23 kobolds
  8 rats
163 creatures vanquished.

Vanquished Creatures (others)
  An orc (D:8)
1 creature vanquished.

Grand Total: 164 creatures vanquished

Notes
Turn   | Place    | Note
-------+----------+-------------------------------------------
     0 | D:1      | AgateBread the Ogre Transmuter began the quest for the Orb.
     0 | D:1      | Reached XP level 1. HP: 19/19 MP: 3/3
    94 | D:1      | Reached skill level 2 in Transmutations
   102 | D:1      | Reached XP level 2. HP: 24/28 MP: 3/5
   159 | D:1      | Found Astiew's Book Emporium.
  1346 | D:2      | Reached XP level 3. HP: 36/36 MP: 4/6
  1865 | D:2      | Learned a level 2 spell: Wereblood
  1866 | D:3      | Found a transporter.
  1887 | D:3      | Noticed Jessica
  1902 | D:2      | Killed Jessica
  1903 | D:2      | Reached XP level 4. HP: 39/45 MP: 4/7
  2158 | D:3      | Noticed a bullfrog
  2168 | D:3      | Noticed Arctor's ghost (weakling OpTm)
  2188 | D:3      | Reached XP level 5. HP: 8/53 MP: 8/8
  2330 | D:3      | Reached skill level 3 in Transmutations
  2373 | D:3      | Found a snail-covered altar of Cheibriados.
  2536 | D:3      | Found a transporter.
  3566 | D:4      | Found an ancient bone altar of Kikubaaqudgha.
  3593 | D:4      | Reached XP level 6. HP: 20/63 MP: 7/9
  3772 | D:4      | Found a glowing silver altar of Zin.
  3999 | D:4      | Found a glowing golden altar of the Shining One.
  4124 | D:4      | Found a staircase to the Ecumenical Temple.
  4132 | Temple   | Entered the Ecumenical Temple
  4153 | Temple   | Became a worshipper of the Wu Jian Council
  4302 | D:4      | Found a sacrificial altar of Ru.
  4574 | D:5      | Entered Level 5 of the Dungeon
  4574 | D:5      | Found Rycverr's Distillery.
  4645 | D:5      | Reached skill level 5 in Fighting
  4737 | D:5      | Noticed a water moccasin
  4990 | D:5      | Noticed a water moccasin
  5055 | D:5      | Reached skill level 4 in Transmutations
  5055 | D:5      | Reached XP level 7. HP: 59/72 MP: 10/10
  5178 | D:5      | Identified the +1 pair of boots "Izak" {Rampage rN+ Str+2
                  | Dex-3}
  5478 | D:5      | Reached skill level 5 in Unarmed Combat
  6304 | D:5      | Found a stormy altar of Qazlal.
  6340 | D:5      | Reached XP level 8. HP: 82/84 MP: 11/11
  6660 | D:5      | Reached skill level 5 in Transmutations
  7617 | D:6      | Found a blossoming altar of Fedhas.
  7890 | D:6      | Reached skill level 6 in Transmutations
  7944 | D:6      | Reached * piety under Wu Jian
  7994 | D:6      | Reached XP level 9. HP: 87/96 MP: 12/12
  8200 | D:7      | Found a hide-covered altar of Uskayaw.
  8601 | D:7      | Found a sparkling altar of Nemelex Xobeh.
  8886 | D:7      | Found a shadowy altar of Dithmenos.
  9183 | D:7      | Found a basalt altar of Yredelemnul.
  9202 | D:7      | Reached skill level 7 in Transmutations
 10565 | D:8      | Reached skill level 8 in Transmutations
 10593 | D:8      | HP: 1/96 [human/+0 long sword (8)]
 10605 | D:7      | Reached skill level 9 in Transmutations
 10605 | D:7      | Reached XP level 10. HP: 16/104 MP: 13/13
 11201 | D:8      | Reached ** piety under Wu Jian
 11403 | D:8      | Found an iron altar of Okawaru.
 11521 | D:8      | Found Ikhlemas's General Store.
 11614 | D:8      | Found a bloodstained altar of Trog.
 11614 | D:8      | Found a radiant altar of Vehumet.
 11616 | D:8      | Noticed Maggie
 11635 | D:8      | Slain by Maggie

Illustrated notes

Levels and vault maps discovered:
D:1:      lightli_arrival_statuegarden, layout_loops_ring, serial_shops, shop,
          chequers_big_river
D:2:      wander_river, layout_rooms, serial_bayou_pond_b
D:3:      layout_basic, slow_altar_1, gammafunk_ghost_arena,
          minmay_misc_feat_five, uniq_jessica
D:4:      layout_loops_cross, kiku_gazebo_garden_becter,
          mainiacjoe_overflow_catwalk, nicolae_tso_swordbearing_angel,
          nicolae_overflow_crystal_walls, minmay_temple_entry_purple_smoke,
          hangedman_glass_teeth
D:5:      cheibrodos_thug_alley, layout_basic, nicolae_qazlal_eye_of_the_storm,
          serial_shops, nicolae_shop_just_a_little_nook
D:6:      layout_basic, mainiacjoe_overflow_alcove_2, st_stairs_5
D:7:      layout_basic, mainiacjoe_overflow_tiny_flanked,
          nicolae_yredelemnul_corpse_copse, amcnicky_altar_gilded,
          mainiacjoe_overflow_surrounded_room
D:8:      layout_rooms, chequers_temple_overflow_statue_of_worship,
          okawaru_humans, serial_shops, nicolae_take_the_stairs,
          hangedman_abyss_or_decor_clamps, nrook_loot_triangle, uniq_maggie
Temple:   nicolae_temple_ecumenical_triangle

Skill      XL: |  1  2  3  4  5  6  7  8  9 10 |
---------------+-------------------------------+-----
Transmutations | 2 3 4 6 9 |  9.5
Fighting       | 2 3 4 5 6 8 |  8.0
Unarmed Combat | 3 4 5 6 8 |  8.0
Spellcasting   | 3 |  3.4
Dodging        | |  1.7

Action                     |  1- 3 |  4- 6 |  7- 9 | 10-12 || total
---------------------------+-------+-------+-------+-------++-------
  Melee: Unarmed           |   110 |   241 |   326 |    73 ||   750
         Headbutt          |     8 |    24 |    58 |    15 ||   105
         Kick              |     6 |    33 |    87 |    27 ||   153
         Punch             |       |     6 |    21 |     1 ||    28
   Cast: Beastly Appendage |    13 |    23 |    32 |     3 ||    71
         Wereblood         |     1 |     1 |     4 |     3 ||     9
Ability: Lunge             |       |     4 |    15 |     3 ||    22
         Whirlwind         |       |       |     5 |     1 ||     6
  Evoke: Wand              |       |     6 |     3 |     3 ||    12
    Use: Scroll            |     3 |     3 |     6 |       ||    12
         Potion            |     1 |     2 |     3 |     1 ||     7
 Armour: Robe              |    25 |    35 |    44 |       ||   104
         Steam dragon scal |       |       |    21 |    19 ||    40
         Skin              |       |       |     1 |       ||     1
  Dodge: Dodged            |    70 |   164 |   203 |    93 ||   530
